 Dungeon Crawl Stone Soup version 0.29.1-2-gbd0b4ee654 (webtiles) character file.

Game seed: 13309073138506138151

66 GorkyZ the Trooper (level 4, -3/42 HPs)
             Began as a Gargoyle Fighter on Nov 26, 2022.
             Slain by a gnoll
             ... wielding a +0 flail
              (5 damage)
             ... on level 2 of the Dungeon.
             The game lasted 00:03:15 (1918 turns).

GorkyZ the Trooper (Gargoyle Fighter)               Turns: 1918, Time: 00:03:16

Health: -3/42      AC: 10    Str: 21    XL:     4   Next: 15%
Magic:  4/4        EV:  9    Int:  9    God:
Gold:   97         SH:  4    Dex:  9    Spells: 3/3 levels left

rFire   . . .      SeeInvis .   a - +0 war axe
rCold   . . .      Faith    .   c - +0 buckler
rNeg    + . .      Spirit   .   b - +0 scale mail
rPois   ∞          Reflect  .   (no helmet)
rElec   +          Harm     .   (no cloak)
rCorr   .          Rampage  .   (no gloves)
Will    .....                   (no boots)
Stlth   ..........              (no amulet)
HPRegen 0.14/turn               (no ring)
MPRegen 0.09/turn               (no ring)

@: berserking, very quick
A: sickness immunity, AC +3, negative energy resistance 1, electricity
resistance, torment resistance 1, petrification resistance
a: no special abilities


You were on level 2 of the Dungeon.
You visited 1 branch of the dungeon, and saw 3 of its levels.

You collected 97 gold pieces.

Inventory:

Hand Weapons
 a - a +0 war axe (weapon)
Armour
 b - a +0 scale mail (worn)
 c - a +0 buckler (worn)
Jewellery
 g - an amulet of faith
Scrolls
 e - a scroll of immolation {unknown}
 j - 2 scrolls of noise {unknown}
 k - a scroll of enchant weapon {unknown}
 m - a scroll of brand weapon {unknown}
 n - a scroll of fog
Potions
 d - 2 potions of might
 h - a potion of flight {unknown}
 i - a potion of degeneration
 l - 2 potions of lignification {unknown}
 o - a potion of curing {unknown}


   Skills:
 + Level 3.6 Fighting
 + Level 2.2 Axes
 + Level 1.0 Throwing
 + Level 3.5 Armour
 + Level 0.8 Dodging
 + Level 3.5 Shields
 + Level 1.2 Evocations


You had 3 spell levels left.
You didn't know any spells.
Your spell library contained the following spells:

 Spells                   Type           Power      Damage    Failure   Level
 Beastly Appendage        Tmut           0%         N/A       82%         1
 Sandblast                Erth           0%         2d4       82%         1
 Slow                     Hex            0%         N/A       82%         1
 Passwall                 Tmut/Erth      0%         N/A       91%         2
 Wereblood                Tmut           0%         N/A       91%         2
 Confusing Touch          Hex            0%         N/A       99%         3
 Inner Flame              Hex/Fire       0%         N/A       99%         3
 Spider Form              Tmut/Pois      0%         N/A       99%         3
 Stone Arrow              Conj/Erth      0%         3d7       99%         3
 Vampiric Draining        Necr           0%         2d6       99%         3
 Cause Fear               Hex            0%         N/A       100%        4
 Discord                  Hex            0%         N/A       100%        8


Dungeon Overview and Level Annotations

Branches:
Dungeon (3/15)

Altars:


Innate Abilities, Weirdness & Mutations

You are immune to sickness and miasma.
Your stone body is resilient. (AC +3)
You are immune to poison.
You resist negative energy. (rN+)
You are resistant to electric shocks. (rElec)
You are resistant to unholy torment.
You are immune to petrification.


Message History

A rat is nearby!
Found a stone staircase leading down.
You closely miss the rat. The rat bites you but does no damage.
You closely miss the rat. The rat barely misses you.
You closely miss the rat. The rat closely misses you. x2
You barely miss the rat. The rat bites you but does no damage.
You slash the rat!
You kill the rat!
A gnoll comes into view. It is wielding a +0 flail.
A gnoll comes into view. It is wielding a +0 flail.
The gnoll shouts!
A gnoll comes into view. It is wielding a +0 spear.
There is a stone staircase leading up here.
A rat comes into view.
The gnoll shouts!
The gnoll closely misses you.
You barely miss the gnoll. You slash the gnoll!
The gnoll hits you with a +0 flail. x2
You closely miss the gnoll.
The gnoll is severely wounded.
You hit the gnoll. The gnoll hits you with a +0 flail.
You block the gnoll's attack. The gnoll hits you with a +0 flail.
You block the gnoll's attack.
You are too injured to fight recklessly!
There are monsters nearby!
The rat attacks as you move away! The rat bites you.
* * * LOW HITPOINT WARNING * * *
The gnoll attacks as you move away! The gnoll barely misses you.
There is a stone staircase leading up here.
The gnoll hits you with a +0 flail.
* * * LOW HITPOINT WARNING * * *
The gnoll hits you but does no damage.
The gnoll hits you from afar with a +0 spear.
* * * LOW HITPOINT WARNING * * *
You climb upwards.
There is a stone staircase leading down here.
A red film seems to cover your vision as you go berserk!
You feel yourself moving faster!
You feel mighty! The gnoll hits you with a +0 flail.
You die...

#### ####
#..#########################..###
.................................
#..#########################..###
#..##.....................[...#..
......#################.......#..
#######################.###.#.#..
...............g@g...##.....#.#..
####################.##.....#.#..
####################.##.....#.#..
.............).......##.....#.#.#
#########.......###.........#.#..
.....# #.#####.####.##....##.#.#
####.# #.#..........#...........
#.# #.#.#...######.....##..## #.#
#.#.#...# #...........


You could see 2 gnolls.

Vanquished Creatures
  Jessica (D:2)
  An adder (D:2)
  3 bats
  2 endoplasms (D:1)
  2 giant cockroaches
  5 goblins
  5 hobgoblins
  2 kobolds (D:1)
  5 ball pythons
  2 frilled lizards (D:1)
  A rat (D:3)
29 creatures vanquished.

Vanquished Creatures (others)
  A fungus (D:1)
1 creature vanquished.

Grand Total: 30 creatures vanquished

Notes
Turn   | Place    | Note
-------+----------+-------------------------------------------
     0 | D:1      | GorkyZ the Gargoyle Fighter began the quest for the Orb.
     0 | D:1      | Reached XP level 1. HP: 14/14 MP: 1/1
   274 | D:1      | Found a faded altar of an unknown god.
   529 | D:1      | Reached XP level 2. HP: 19/19 MP: 2/2
  1111 | D:2      | Reached XP level 3. HP: 23/23 MP: 3/3
  1139 | D:2      | Noticed Jessica
  1144 | D:2      | Killed Jessica
  1145 | D:2      | Reached skill level 1 in Evocations
  1202 | D:2      | Reached skill level 1 in Throwing
  1202 | D:2      | Reached XP level 4. HP: 25/28 MP: 4/4
  1916 | D:3      | HP: 1/28 [gnoll/+0 spear (1)]
  1918 | D:2      | Slain by a gnoll

Illustrated notes

Levels and vault maps discovered:
D:1:      mrwooster_arrival_statue_2, layout_basic,
          shapermc_ecumenical_altar_mp_ritualfount
D:2:      layout_basic, uniq_jessica
D:3:      layout_basic, nicolae_overflow_ecumenical_swirl,
          nicolae_overflow_quartered_altars, ebering_ghost_disaster_area,
          serial_shops, nicolae_shop_advertising_works
          [nicolae_subvault_shop_adworks], nicolae_lakefront_shop,
          nicolae_shop_hallway_plus, shop_statue,
          nicolae_shop_temple_entry_statues_fountains, uniq_sigmund,
          uniq_grinder

Skill      XL: |  1  2  3 |
---------------+----------+-----
Axes           | 2 |  2.2
Evocations     | 1 |  1.2
Throwing       | 1 |  1.0
Fighting       | |  3.6
Armour         | |  3.5
Dodging        | |  0.8
Shields        | |  3.5

Action                   |  1- 3 |  4- 6 || total
-------------------------+-------+-------++-------
Melee: War axe           |    97 |    17 ||   114
  Use: Scroll            |     5 |       ||     5
       Potion            |       |     1 ||     1
Armor: Scale mail        |    65 |    11 ||    76
Dodge: Dodged            |    59 |     7 ||    66
Block: Buckler           |    20 |     3 ||    23
